 Dungeon Crawl Stone Soup version 0.29.1-15-g9cfb28693d (webtiles) character file.

Game seed: 16823574858851128151

72 KingKong the Chopper (level 4, -4/37 HPs)
             Began as a Minotaur Gladiator on Mar 26, 2023.
             Killed by divine providence
             ... invoked by an orc priest
              (10 damage)
             ... on level 3 of the Dungeon.
             The game lasted 00:01:56 (743 turns).

KingKong the Chopper (Minotaur Gladiator)            Turns: 743, Time: 00:01:57

Health: -4/37      AC:  3    Str: 18    XL:     4   Next: 7%
Magic:  3/3        EV: 12    Int:  7    God:
Gold:   26         SH:  0    Dex: 12    Spells: 3/3 levels left

rFire   . . .      SeeInvis +   a - +0 war axe
rCold   . . .      Faith    .   (no shield)
rNeg    . . .      Spirit   .   b - +0 leather armour
rPois   .          Reflect  .   c - +0 hat
rElec   .          Harm     .   (no cloak)
rCorr   .          Rampage  .   (no gloves)
Will    .....                   (no boots)
Stlth   +.........              (no amulet)
HPRegen 0.12/turn               i - ring of see invisible
MPRegen 0.08/turn               (no ring)

@: no status effects
A: horns 2, retaliatory headbutt
a: no special abilities


You were on level 3 of the Dungeon.
You visited 1 branch of the dungeon, and saw 3 of its levels.

You collected 26 gold pieces.

Inventory:

Hand Weapons
 a - a +0 war axe (weapon)
Missiles
 d - 3 throwing nets (quivered)
 e - a javelin
Armour
 b - a +0 leather armour (worn)
 c - a +0 hat (worn)
Jewellery
 i - a ring of see invisible (left hand)
Scrolls
 f - a scroll of identify
 h - a scroll of blinking
 k - a scroll of teleportation
 l - a scroll of poison
 m - a scroll of amnesia
Potions
 g - a potion of ambrosia {unknown}
 j - a potion of heal wounds {unknown}


   Skills:
 * Level 2.7 Fighting
 * Level 4.7 Axes
 * Level 2.2 Throwing
 * Level 1.4 Armour
 * Level 3.8 Dodging
 * Level 0.9 Stealth


You had 3 spell levels left.
You didn't know any spells.
Your spell library was empty.

Dungeon Overview and Level Annotations

Branches:
Dungeon (3/15)

Altars:


Innate Abilities, Weirdness & Mutations

You have a pair of horns on your head.
You reflexively headbutt those who attack you in melee.


Message History

You slash the endoplasm!
You kill the endoplasm!
You open the door.
An orc wizard, an orc priest and 3 orcs come into view.
The orc wizard shouts!
The orc priest shouts!
The orc wizard mumbles some strange words.
The orc wizard flickers and vanishes for a moment.
There is an open door here.
The orc priest attacks as you move away!
The orc priest hits you with a +0 whip.
You closely miss the orc priest. The orc priest hits you with a +0 whip.
You barely miss the orc priest. Your headbutt misses the orc priest.
The orc priest hits you with a +0 whip.
You barely miss the orc priest. You headbutt the orc priest.
The orc priest is lightly wounded.
The orc priest closely misses you.
You completely miss the orc priest.
The orc priest is lightly wounded.
You hit the orc. Your punch misses the orc.
The orc is lightly wounded.
The orc priest casts a cantrip, but nothing happens.
The orc hits you with a +0 mace.
You closely miss the orc. Your headbutt misses the orc.
The orc is lightly wounded.
The orc hits you with a +0 mace.
You barely miss the orc. Your headbutt misses the orc.
The orc is lightly wounded.
The orc hits you but does no damage. x2
Unknown command.
You barely miss the orc.
The orc is lightly wounded.
The orc priest mumbles some strange prayers to Beogh against you.
Beogh smites you!
* * * LOW HITPOINT WARNING * * *
The orc completely misses you. You furiously retaliate!
You headbutt the orc. You slash the orc!
You kill the orc!
The orc priest mumbles some strange prayers to Beogh against you.
Beogh smites you!
You die...

.# ..# #... #...#
# ### #.....
#.##.## #......
#.#...####.......
#.......@ooo.....
###...####o......
#..## #......
#.## #..... #.#
#...# #.# #+####
#.# #.#.. #.#
#.#.# #.# ##.#.#


You could see an orc priest, an orc wizard (invisible) and 2 orcs.

Vanquished Creatures
  An orc priest (D:3)
  An adder (D:2)
  A dart slug (D:1)
  4 orcs (D:3)
  A bat (D:2)
  3 endoplasms (D:3)
  2 giant cockroaches (D:1)
  4 goblins
  2 hobgoblins (D:1)
  3 jackals (D:1)
  4 ball pythons (D:1)
  A kobold (D:2)
  2 rats (D:1)
29 creatures vanquished.

Notes
Turn   | Place    | Note
-------+----------+-------------------------------------------
     0 | D:1      | KingKong the Minotaur Gladiator began the quest for the
                  | Orb.
     0 | D:1      | Reached XP level 1. HP: 18/18 MP: 0/0
   132 | D:1      | Reached XP level 2. HP: 19/25 MP: 1/1
   145 | D:1      | Reached skill level 4 in Axes
   411 | D:2      | Reached XP level 3. HP: 20/30 MP: 2/2
   542 | D:2      | Reached skill level 1 in Armour
   655 | D:3      | Reached XP level 4. HP: 30/37 MP: 3/3
   743 | D:3      | Killed from afar by an orc priest

Illustrated notes

Levels and vault maps discovered:
D:1:      lightli_arrival_quake, layout_rooms,
          shapermc_ecumenical_altar_totnotflames, serial_shops,
          nicolae_shop_waterfront, minmay_lizard_pond
D:2:      layout_basic, chequers_serial_rivers_micro_b
D:3:      layout_loops_corners, mainiacjoe_overflow_24_doors

Skill      XL: |  1  2  3 |
---------------+----------+-----
Axes           | 4 |  4.7
Armour         | 1 |  1.4
Fighting       | |  2.7
Throwing       | |  2.2
Dodging        | |  3.8
Stealth        | |  0.9

Action                   |  1- 3 |  4- 6 || total
-------------------------+-------+-------++-------
Melee: War axe           |    37 |    13 ||    50
       Headbutt          |     5 |     1 ||     6
  Use: Scroll            |     3 |     1 ||     4
Armor: Leather armour    |    12 |     2 ||    14
Dodge: Dodged            |    34 |     4 ||    38
